 Dungeon Crawl Stone Soup version 0.27.1-2-g3b301248ec (webtiles) character file.

Game seed: 7307527197847806298

342 Araneus the Cudgeller (level 6, 0/47 HPs)
             Began as a Demonspawn Fighter on Oct 4, 2021.
             Slain by a gnoll (1 damage)
             ... on level 4 of the Dungeon.
             The game lasted 00:08:22 (4319 turns).

Araneus the Cudgeller (Demonspawn Fighter)          Turns: 4319, Time: 00:08:22

Health: 0/47       AC:  9    Str: 19    XL:     6   Next: 30%
Magic:  6/6        EV:  9    Int:  9    God:
Gold:   79         SH:  9    Dex: 12    Spells: 5/5 levels left

rFire    + . .     SeeInvis .   a - +0 flail
rCold    + . .     Faith    .   c - +0 kite shield
rNeg     . . .     Spirit   .   l - +3 scale mail
rPois    +         Reflect  .   (no helmet)
rElec    +         Harm     .   (no cloak)
rCorr    +         Rampage  .   (no gloves)
Will     .....                  (no boots)
Stlth    ..........             (no amulet)
HPRegen  0.15/turn              t - ring of flight
MPRegen  0.10/turn              (no ring)

@: resistant, flying
A: hooves 1, repulsion field 1
a: no special abilities


You were on level 4 of the Dungeon.
You visited 1 branch of the dungeon, and saw 4 of its levels.

You collected 79 gold pieces.

Inventory:

Hand Weapons
 a - a +0 flail (weapon)
Missiles
 r - 2 throwing nets (quivered)
Armour
 c - a +0 kite shield (worn)
 l - a +3 scale mail (worn)
Jewellery
 t - a ring of flight (left hand)
Scrolls
 b - a scroll of enchant armour {unknown}
 d - a scroll of fog {unknown}
 h - 4 scrolls of identify {unknown}
 i - a scroll of silence {unknown}
 j - a scroll of enchant weapon {unknown}
 m - a scroll of immolation {unknown}
 o - a scroll of teleportation {unknown}
Potions
 e - a potion of flight
 f - a potion of resistance
 g - a potion of brilliance {unknown}
 k - 2 potions of heal wounds {unknown}
 n - a potion of mutation {unknown}
 p - a potion of degeneration {unknown}
 q - a potion of curing {unknown}
 s - a potion of lignification {unknown}


   Skills:
 - Level 3.0 Fighting
 + Level 6.0 Maces & Flails
 - Level 2.6 Armour
 + Level 3.0 Shields


You had 5 spell levels left.
You didn't know any spells.
Your spell library contained the following spells:

 Spells                   Type           Power      Damage    Failure   Level
 Foxfire                  Conj/Fire      0%         2x1d4     99%         1
 Conjure Flame            Conj/Fire      0%         6-21      100%        3
 Inner Flame              Hex/Fire       0%         N/A       100%        3


Dungeon Overview and Level Annotations

Branches:
Dungeon (4/15)
 Temple: D:4-7

Altars:
Vehumet

Annotations:
D:3 exclusion: statue


Innate Abilities, Weirdness & Mutations

You have large cloven feet.
You are surrounded by a mild repulsion field. (EV +2)


Message History

The gnoll barely misses you.
A gnoll comes into view. It is wielding a +0 spear.
You thump the gnoll! You kick the gnoll, but do no damage.
The gnoll is almost dead.
The gnoll barely misses you.
The gnoll hits you from afar with a +0 halberd!
The gnoll hits you but does no damage.
You hit the gnoll.
You kill the gnoll!
The gnoll hits you from afar with a +0 halberd.
Your Maces & Flails skill increases to level 6!
You closely miss the gnoll. The gnoll hits you with a +0 halberd!
The gnoll hits you but does no damage.
You sock the gnoll!
The gnoll is almost dead.
You block the gnoll's attack. x2; The gnoll barely misses you.
The gnoll hits you with a +0 halberd.
You are too injured to fight recklessly!
You barely miss the gnoll.
The gnoll is almost dead.
You block the gnoll's attack. The gnoll barely misses you.
The gnoll hits you with a +0 halberd.
The gnoll hits you from afar with a +0 spear.
The gnoll hits you with a +0 whip.
You thump the gnoll!
You kill the gnoll!
The gnoll hits you but does no damage. You block the gnoll's attack.
You hit the gnoll but do no damage. The gnoll misses you.
You block the gnoll's attack. The gnoll closely misses you.
You hit the gnoll. You kick the gnoll.
The gnoll is moderately wounded.
The gnoll hits you from afar with a +0 spear.
* * * LOW HITPOINT WARNING * * *
The gnoll hits you with a +0 halberd!
* * * LOW HITPOINT WARNING * * *
You block the gnoll's attack.
It was a potion of resistance.
You feel protected. The gnoll hits you with a +0 halberd.
You die...

# ## ##. .#
##.. #..
##..# ..##
##..##
#..###
##..##
#g)g##
##..##
#@)###
##..##
##...##
##..##
###..###..##
##.......#
###.....#
#......#
#......##
#.....##
#.....##


You could see 2 gnolls.

Vanquished Creatures
  An ogre (D:4)
  An iguana (D:4)
  7 gnolls
  6 adders
  A white imp (D:3)
  An ufetubus (D:4)
  An adder skeleton (D:4)
  2 worms
  3 dart slugs
  5 orcs
  8 endoplasms
  3 giant cockroaches
  9 goblins
  5 hobgoblins
  3 jackals (D:2)
  7 kobolds
  4 quokkas
  5 ball pythons
  11 bats
  3 frilled lizards
  7 rats
93 creatures vanquished.

Notes
Turn   | Place    | Note
-------+----------+-------------------------------------------
     0 | D:1      | Araneus the Demonspawn Fighter began the quest for the Orb.
     0 | D:1      | Reached XP level 1. HP: 18/18 MP: 1/1
    55 | D:1      | Reached skill level 2 in Maces & Flails
   249 | D:1      | Gained mutation: You have large cloven feet. [demonic
                  | ancestry]
   249 | D:1      | Reached XP level 2. HP: 19/24 MP: 2/2
   731 | D:1      | Reached skill level 3 in Maces & Flails
   968 | D:1      | Reached XP level 3. HP: 28/29 MP: 3/3
  1893 | D:2      | Found a faded altar of an unknown god.
  2114 | D:2      | Reached XP level 4. HP: 31/35 MP: 4/4
  2115 | D:2      | Reached skill level 4 in Maces & Flails
  3227 | D:3      | Gained mutation: You are surrounded by a mild repulsion
                  | field. (EV +2) [demonic ancestry]
  3227 | D:3      | Reached XP level 5. HP: 41/41 MP: 5/5
  3338 | D:3      | Reached skill level 5 in Maces & Flails
  3447 | D:3      | Found a radiant altar of Vehumet.
  3447 | D:3      | Noticed a charred statue
  3676 | D:4      | Noticed an ogre
  4078 | D:4      | Killed an ogre
  4079 | D:4      | Reached XP level 6. HP: 38/47 MP: 6/6
  4312 | D:4      | Reached skill level 6 in Maces & Flails
  4318 | D:4      | HP: 1/47 [gnoll (11)]
  4319 | D:4      | Slain by a gnoll

Illustrated notes

Levels and vault maps discovered:
D:1:      dpeg_arrival_leaves_temple_mockup, layout_basic, minmay_surrounded
D:2:      layout_loops_corners, chequers_ecumenical_altar_simple
D:3:      layout_basic, vehumet_statue
D:4:      layout_cave_pods

Skill      XL: |  1  2  3  4  5  6 |
---------------+-------------------+-----
Maces & Flails | 2 3 4 5 6 |  6.0
Shields        | 3 |  3.0
Fighting       | |  3.0
Armour         | |  2.6

Action                   |  1- 3 |  4- 6 || total
-------------------------+-------+-------++-------
Melee: Flail             |   148 |   153 ||   301
       Kick              |    20 |    35 ||    55
  Use: Potion            |       |     4 ||     4
Armor: Scale mail        |   108 |    68 ||   176
Dodge: Dodged            |    49 |    61 ||   110
Block: Kite shield       |    97 |    92 ||   189
